 Dungeon Crawl Stone Soup version 0.23.2-1-ga50397a6bc (webtiles) character file.

Game seed: 7571441349752638906

13391 Peloso the Blocker (level 11, -5/95 HPs)
             Began as a Minotaur Fighter on Apr 18, 2019.
             Was the Champion of Okawaru.
             Slain by a black mamba (6 damage)
             ... on level 1 of the Lair of Beasts.
             The game lasted 00:32:05 (11440 turns).

Peloso the Blocker (Minotaur Fighter)              Turns: 11440, Time: 00:32:06

Health: -5/95      AC: 15    Str: 22    XL:     11   Next: 75%
Magic:  11/11      EV:  8    Int: 10    God:    Okawaru [******]
Gold:   1498       SH:  0    Dex: 14    Spells: 10/10 levels left

rFire    . . .     SeeInvis .   a - +2 falchion (holy)
rCold    + . .     Gourm    .   c - +0 shield
rNeg     . . .     Faith    .   C - +0 plate armour
rPois    .         Spirit   .   (helmet restricted)
rElec    .         Reflect  +   (no cloak)
rCorr    .         Harm     .   (no gloves)
MR       .....                  E - +0 pair of boots
Stlth    ..........             i - +5 amulet of reflection
HPRegen  0.25/turn              j - ring of protection from cold
MPRegen  0.12/turn              w - +2 ring of dexterity

@: confused, brilliant, lethally poisoned (-5 -> -60)
A: retaliatory headbutt, horns 2
a: Heroism, Finesse, Renounce Religion


You were on level 1 of the Lair of Beasts.
You worshipped Okawaru.
Okawaru was exalted by your worship.
You were not hungry.

You visited 3 branches of the dungeon, and saw 14 of its levels.
You also visited: Bailey.

You collected 1498 gold pieces.

Inventory:

Hand Weapons
 a - a +2 falchion of holy wrath (weapon)
Armour
 b - a +0 scale mail
 c - a +0 shield (worn)
 g - +1 pearl dragon scales
 m - a +2 chain mail of fire resistance
 C - a +0 plate armour (worn)
 E - a +0 pair of boots (worn)
Jewellery
 i - a +5 amulet of reflection (around neck)
 j - a ring of protection from cold (left hand)
 s - an uncursed ring of positive energy
 w - a +2 ring of dexterity (right hand)
 x - an uncursed ring of stealth
 y - an uncursed ring of positive energy
 G - an uncursed ring of wizardry
 J - an uncursed ring of protection from fire {unknown}
 L - a cursed -5 ring of dexterity
Wands
 l - a wand of flame (22)
 F - a wand of scattershot (5)
 H - a wand of random effects (27)
 K - a wand of disintegration (16)
Scrolls
 e - 3 scrolls of identify
 h - a scroll of fog
 k - a scroll of brand weapon
 o - a scroll of teleportation
 q - a scroll of fear
 r - 4 scrolls of amnesia
 u - 5 scrolls of remove curse
 v - 2 scrolls of blinking
 N - a scroll of summoning {unknown}
Potions
 d - 3 potions of might
 t - a potion of resistance
 z - 2 potions of agility
 A - a potion of mutation
 B - 2 potions of flight
 I - a potion of brilliance
Comestibles
 f - 24 rations
 M - 2 chunks of flesh


   Skills:
 + Level 8.9 Fighting
 + Level 12.5 Long Blades
 + Level 8.6 Armour
 + Level 3.1 Dodging
 + Level 0.6 Stealth
 + Level 14.3 Shields
 + Level 2.2 Invocations


You had 10 spell levels left.
You didn't know any spells.
Your spell library contained the following spells:

 Spells                   Type           Power        Failure   Level  Hunger
 Confusing Touch          Hex            #.....       47%         1    ##.....
 Freeze                   Ice            #...         47%         1    ##.....
 Magic Dart               Conj           #...         47%         1    ##.....
 Summon Small Mammal      Summ           #...         47%         1    ##.....
 Blink                    Tloc           N/A          61%         2    ###....
 Call Imp                 Summ           #.......     61%         2    ###....
 Slow                     Hex            #.......     61%         2    ###....
 Throw Frost              Conj/Ice       #.....       61%         2    ###....
 Call Canine Familiar     Summ           #.......     80%         3    ####...
 Confuse                  Hex            #.......     80%         3    ####...
 Conjure Flame            Conj/Fire      #.......     80%         3    ####...
 Gell's Gravitas          Tloc           #.........   80%         3    ####...
 Mephitic Cloud           Conj/Pois/Air  #.......     80%         3    ####...
 Ozocubu's Armour         Chrm/Ice       #.......     80%         3    ####...
 Summon Guardian Golem    Hex/Summ       #.......     80%         3    ####...
 Petrify                  Tmut/Erth      #.......     98%         4    #####..
 Summon Ice Beast         Ice/Summ       #.......     98%         4    #####..
 Summon Lightning Spire   Summ/Air       #.......     98%         4    #####..
 Throw Icicle             Conj/Ice       #.......     98%         4    #####..
 Metabolic Englaciation   Hex/Ice        #.........   100%        5    ######.
 Yara's Violent Unravell  Hex/Tmut       #.........   100%        5    ######.


Dungeon Overview and Level Annotations

Branches:
Dungeon (11/15)            Temple (1/1) D:5            Lair (2/6) D:8
 Spider (0/4) Lair:2
  Swamp: Lair:2-4    Shoals: Lair:2-4       Orc: D:9-12

Altars:
Dithmenos
Elyvilon
Kikubaaqudgha
Makhleb
Nemelex Xobeh
Okawaru
Uskayaw
Wu Jian


Innate Abilities, Weirdness & Mutations

You reflexively headbutt those who attack you in melee.
You have a pair of horns on your head.


Message History

The black mamba is heavily wounded.
* * * LOW HITPOINT WARNING * * *
You feel very sick. The black mamba bites you.
* * * LOW HITPOINT WARNING * * *
You are more poisoned.
The black mamba poisons you!
It was a potion of brilliance.
You feel clever all of a sudden.
You feel like a meek peon again.
* * * LOW HITPOINT WARNING * * *
You feel very sick. The black mamba barely misses you. x2
Okay, then.
You're too confused!
You are more confused.
You feel more invigorated.
* * * LOW HITPOINT WARNING * * *
You feel very sick. The black mamba bites you.
You die... #P...P.....P# ##....### ##P.P.P.P.P.P# ##..## ##...P...P.P.P# #...# #..P.P.P.P.PPP## #...# ##.P...P.P.....# #...# #..PP..PPPPPPP.#

#...# # ##..#..##.>.##.#
##...# ####
#........S.##.###....###P##
#.######..@...P............
### #..#.....#.#........
##...#####.....####..
#....# ###...# ##. #....#
#..### #. ##...# #...P# ##
##.## ##...## # #...##
#.....### # #....#
###.....#


You could see a black mamba.

Vanquished Creatures
  Harold (D:11)
  2 two-headed ogres
  An orc knight (Bailey)
  A wolf spider (Lair:2)
  The ghost of libidonplus the Grappler, a novice TrFi (D:5)
  A spiny frog (Lair:2)
  A troll (D:9)
  A hornet (D:8)
  Grinder (D:5)
  Prince Ribbit (D:5)
  A meliai zombie (D:10)
  2 hippogriffs (D:8)
  A wyvern (Lair:2)
  3 redbacks (Lair:2)
  Eustachio (D:6)
  12 yaks
  A hungry ghost (D:8)
  Edmund (D:6)
  A porcupine (Lair:1)
  3 water moccasins
  7 orc warriors
  3 sky beasts
  3 black bears
  A hornet zombie (D:8)
  A phantom (D:8)
  9 ice beasts
  8 ogres
  A necrophage (D:10)
  5 bullfrogs
  A big kobold (D:8)
  Blork the orc (D:4)
  A gnoll sergeant (D:6)
  A water moccasin skeleton (D:9)
  2 scorpions
  6 killer bees (D:8)
  4 wights (D:7)
  A centaur zombie (D:9)
  2 crimson imps (D:9)
  2 bullfrog zombies
  3 quasits (D:5)
  A jelly (D:9)
  4 orc priests
  6 hounds
  2 iguanas
  6 orc wizards
  6 worker ants
  A howler monkey zombie (D:7)
  A worker ant zombie (D:5)
  13 gnolls
  11 adders
  5 shadow imps
  2 oozes
  An adder skeleton (D:10)
  5 worms
  A dart slug (D:3)
  8 leopard geckos
  33 orcs
  13 giant cockroaches
  15 hobgoblins
  14 jackals
  5 quokkas
  2 ball pythons
  4 bats
  4 frilled lizards
  5 goblins
  13 kobolds
  6 rats
  4 bushes (Lair:1)
290 creatures vanquished.

Vanquished Creatures (others)
  A centaur (D:10)
  14 kobolds
15 creatures vanquished.

Grand Total: 305 creatures vanquished

Notes
Turn   | Place    | Note
-------+----------+-------------------------------------------
     0 | D:1      | Peloso the Minotaur Fighter began the quest for the Orb.
     0 | D:1      | Reached XP level 1. HP: 19/19 MP: 0/0
    79 | D:1      | Reached XP level 2. HP: 23/27 MP: 1/1
   291 | D:1      | Reached XP level 3. HP: 32/33 MP: 2/2
   585 | D:2      | Reached skill level 4 in Shields
   720 | D:2      | Reached XP level 4. HP: 41/41 MP: 3/3
  1335 | D:3      | Found a white marble altar of Elyvilon.
  1453 | D:3      | Reached XP level 5. HP: 38/47 MP: 4/4
  1514 | D:3      | Reached skill level 5 in Shields
  2036 | D:4      | Noticed Blork the orc
  2058 | D:4      | Killed Blork the orc
  2412 | D:5      | Entered Level 5 of the Dungeon
  2420 | D:5      | Noticed an ogre
  2431 | D:5      | Killed an ogre
  2431 | D:5      | Reached skill level 5 in Long Blades
  2431 | D:5      | Reached skill level 1 in Dodging
  2431 | D:5      | Reached XP level 6. HP: 26/53 MP: 5/5
  2764 | D:5      | Found a transporter.
  2769 | D:5      | Noticed libidonplus's ghost (novice TrFi)
  2810 | D:5      | Found a transporter.
  2836 | D:5      | Noticed Prince Ribbit
  2864 | D:5      | Killed Prince Ribbit
  2864 | D:5      | Reached skill level 5 in Armour
  2864 | D:5      | Reached XP level 7. HP: 60/60 MP: 6/6
  2911 | D:5      | Noticed Grinder
  2914 | D:5      | Paralysed by Grinder for 2 turns
  2927 | D:5      | Killed Grinder
  2927 | D:5      | Reached skill level 5 in Fighting
  2927 | D:5      | Reached skill level 6 in Shields
  3090 | D:5      | Found a staircase to the Ecumenical Temple.
  3158 | Temple   | Entered the Ecumenical Temple
  3167 | Temple   | Became a worshipper of Warmaster Okawaru
  3820 | D:5      | Reached XP level 8. HP: 59/68 MP: 7/7
  3990 | D:5      | Reached skill level 7 in Shields
  4026 | D:6      | Reached * piety under Okawaru
  4041 | D:6      | Noticed Edmund
  4152 | D:6      | Killed Edmund
  4189 | D:6      | Noticed Eustachio
  4245 | D:6      | Reached skill level 8 in Shields
  4534 | D:6      | Killed Eustachio
  4648 | D:6      | Reached ** piety under Okawaru
  5014 | D:7      | Reached skill level 9 in Shields
  5035 | D:7      | Reached XP level 9. HP: 75/75 MP: 8/8
  5108 | D:7      | You fall through a shaft for 2 floors!
  5438 | D:9      | Reached skill level 1 in Invocations
  5637 | D:9      | Reached *** piety under Okawaru
  5649 | D:9      | Reached skill level 10 in Shields
  5887 | D:9      | Reached skill level 10 in Long Blades
  5921 | D:9      | Reached XP level 10. HP: 48/86 MP: 10/10
  6327 | D:8      | Reached skill level 11 in Shields
  6357 | D:8      | Found a sparkling altar of Nemelex Xobeh.
  6383 | D:8      | Reached **** piety under Okawaru
  6492 | D:8      | Found a flagged portal.
  6631 | Bailey   | Entered a bailey
  6785 | Bailey   | Noticed an orc knight
  6805 | Bailey   | Killed an orc knight
  6820 | Bailey   | Reached skill level 12 in Shields
  7260 | D:8      | Reached ***** piety under Okawaru
  7315 | D:8      | Noticed a two-headed ogre
  7325 | D:8      | Killed a two-headed ogre
  7336 | D:8      | Found a staircase to the Lair.
  8093 | D:7      | Reached XP level 11. HP: 80/94 MP: 11/11
  8762 | D:10     | Entered Level 10 of the Dungeon
  8764 | D:10     | Noticed a two-headed ogre
  8777 | D:9      | Reached skill level 13 in Shields
  9034 | D:9      | Killed a two-headed ogre
 10173 | D:5      | Killed libidonplus's ghost
 10286 | D:11     | Noticed Harold
 10314 | D:11     | Killed Harold
 10355 | D:11     | Noticed a five-headed hydra
 10456 | Lair:1   | Entered Level 1 of the Lair of Beasts
 10657 | Lair:1   | Reached ****** piety under Okawaru
 11321 | Lair:2   | Received a gift from Okawaru
 11345 | Lair:2   | Noticed a wolf spider
 11350 | Lair:2   | Reached skill level 14 in Shields
 11368 | Lair:2   | Killed a wolf spider
 11392 | Lair:2   | Found a hole to the Spider Nest.
 11408 | Lair:2   | HP: 2/95 [wyvern (7)]
 11438 | Lair:1   | HP: 4/95 [black mamba (2)]
 11440 | Lair:1   | HP: 1/95 [poisoned by a black mamba]
 11440 | Lair:1   | Slain by a black mamba

Skill      XL: |  1  2  3  4  5  6  7  8  9 10 11 |
---------------+----------------------------------+-----
Fighting       | 4 5 7 8 |  8.9
Armour         | 4 5 6 7 8 |  8.6
Long Blades    | 3 4 5 6 7 8 10 11 12 | 12.5
Shields        | 4 5 6 9 10 12 14 | 14.3
Dodging        | 1 2 3 |  3.1
Invocations    | 1 2 |  2.2
Stealth        | |  0.6

Action                   |  1- 3 |  4- 6 |  7- 9 | 10-12 || total
-------------------------+-------+-------+-------+-------++-------
Melee: Long sword        |   106 |   184 |   404 |   340 ||  1034
       Headbutt          |    19 |    29 |   100 |   201 ||   349
       Falchion          |       |       |       |   299 ||   299
Invok: Heroism           |       |       |     1 |     7 ||     8
Evoke: Wand              |       |       |       |     1 ||     1
  Use: Scroll            |       |       |       |    21 ||    21
       Potion            |       |       |       |    10 ||    10
  Eat: Chunk             |       |     3 |    11 |    12 ||    26
       Ration            |       |     1 |       |     2 ||     3
Armor: Scale mail        |    41 |       |       |       ||    41
       Chain mail        |    14 |    70 |   101 |       ||   185
       Plate armour      |       |       |    17 |   164 ||   181
Dodge: Dodged            |    35 |    20 |    74 |   127 ||   256
Block: Shield            |    79 |   144 |   369 |   528 ||  1120
       Reflection        |     3 |     6 |     1 |    64 ||    74
       Rpst.: Long sword |     7 |     5 |    24 |    15 ||    51
       Falchion          |       |       |       |    13 ||    13
